 Dungeon Crawl Stone Soup version 0.19.1 (webtiles) character file.

7436 Milesaru the Grappler (level 10, -1/102 HPs)
             Began as a Troll Monk on Dec 17, 2016.
             Was an Elder of Okawaru.
             Slain by Arnot's ghost (9 damage)
             ... on level 10 of the Dungeon.
             The game lasted 00:20:45 (7016 turns).

Milesaru the Grappler (Troll Monk)                  Turns: 7016, Time: 00:20:45

Health: -1/102     AC:  7    Str: 21    XL:     10   Next: 93%
Magic:  7/9        EV: 18    Int:  6    God:    Okawaru [****..]
Gold:   524        SH:  0    Dex: 15    Spells: 1 memorised, 3 levels left

rFire  . . .     SeeInvis .       - Unarmed
rCold  . . .     Gourm    +     j - +2 robe {MR+}
rNeg   + . .     Faith    .     (no shield)
rPois  .         Spirit   .     (helmet restricted)
rElec  .         Reflect  .     (no cloak)
rCorr  .         Harm     .     (gloves unavailable)
MR     ++...                    (boots unavailable)
Stlth  +++.......               (no amulet)
                                u - ring of positive energy
                                f - ring of protection from magic

@: heroism
A: unfitting armour, claws 3, fast metabolism 3, gourmand, regeneration 1,
shaggy fur 1, tough skin 2
a: Heroism, Renounce Religion


You were on level 10 of the Dungeon.
You worshipped Okawaru.
Okawaru was greatly pleased with you.
You were very hungry.

You visited 2 branches of the dungeon, and saw 11 of its levels.
You also visited: Ossuary.

You collected 524 gold pieces.

Inventory:

Missiles
 e - 2 javelins (quivered)
Armour
 j - a +2 robe of magic resistance (worn)
Jewellery
 c - an uncursed ring of flight
 f - a ring of protection from magic (left claw)
 u - a ring of positive energy (right claw)
 B - an uncursed ring of protection from fire {unknown}
 D - an uncursed ring of ice
Wands
 a - a wand of slowing (10/48)
 d - a wand of polymorph (19/24)
 v - a wand of polymorph (8/24)
 w - a wand of iceblast (10/15)
 K - a wand of disintegration (13/24)
Scrolls
 g - 3 scrolls of fear
 k - 2 scrolls of amnesia
 l - 2 scrolls of magic mapping
 n - 8 scrolls of remove curse
 o - 2 scrolls of enchant armour
 r - a scroll of recharging {unknown}
 s - a scroll of teleportation {unknown}
 y - 2 scrolls of fog {unknown}
 C - a scroll of torment {unknown}
 E - a scroll of enchant weapon {unknown}
 F - a scroll of vulnerability {unknown}
 G - a scroll of immolation {unknown}
 M - 2 scrolls of noise {unknown}
Potions
 h - 3 potions of curing
 i - a potion of lignification {unknown}
 m - 5 potions of magic
 q - 2 potions of invisibility {unknown}
 x - a potion of mutation {unknown}
 z - a potion of agility {unknown}
 I - 2 potions of brilliance {unknown}
 J - 2 potions of flight {unknown}
 N - a potion of berserk rage {unknown}
Comestibles
 b - 5 bread rations
 t - 4 meat rations
 A - 8 fruits
 L - a royal jelly


   Skills:
 + Level 7.4(12.4) Fighting
 + Level 7.6(12.6) Dodging
 - Level 1.0(6.0) Stealth
 * Level 12.1(17.1) Unarmed Combat


You had 3 spell levels left.
You knew the following spells:

 Your Spells              Type           Power        Failure   Level  Hunger
a - Statue Form           Tmut/Erth      #........    100%        6    #######


Dungeon Overview and Level Annotations

Branches:
Dungeon (10/15)            Temple (1/1) D:5            Lair (0/6) D:8
    Orc: D:9-12

Altars:
Ashenzari
Cheibriados
Dithmenos
Elyvilon
Fedhas
Gozag
Hepliaklqana
Kikubaaqudgha
Makhleb
Nemelex Xobeh
Okawaru
Qazlal
Ru
Sif Muna
Trog
Uskayaw
Vehumet
Xom
Yredelemnul
Zin
The Shining One

Annotations:
D:10 Arnot's ghost, journeyman MiFi


Innate Abilities, Weirdness & Mutations

You are too large for most types of armour.
You have claws for hands.
Your metabolism is lightning-fast.
You like to eat raw meat.
Your natural rate of healing is unusually fast.
You are covered in fur. (AC +1)
You have very tough skin. (AC +2)


Message History

Arnot's ghost is severely damaged.
Arnot's ghost hits you!
You completely miss Arnot's ghost.
Arnot's ghost is severely damaged.
Arnot's ghost misses you.
You scratch Arnot's ghost but do no damage.
Arnot's ghost is severely damaged.
Arnot's ghost hits you!!
* * * LOW HITPOINT WARNING * * *
You gain the combat prowess of a mighty hero.
Arnot's ghost hits you!!
* * * LOW HITPOINT WARNING * * *
Okay, then.
Okay, then.
You scratch Arnot's ghost but do no damage.
Arnot's ghost is heavily damaged.
You barely miss Arnot's ghost.
Arnot's ghost is heavily damaged.
Arnot's ghost hits you!
You die...

########################
#......................#
#.............@........#
#....
#.............W........#
#....
#......................#
#....
#......................#
#....
#......................#
#....
#......................#
#....
#......................#
#....
#......................#
#....
#......................#
#....


You could see Arnot's ghost.

Vanquished Creatures
  An unseen horror (D:10)
  Pikel (D:4)
  The ghost of Arnot the Cleaver, a novice MiFi (D:6)
  A komodo dragon (D:8)
  Grinder (D:4)
  A hippogriff (D:7)
  Sigmund (D:2)
  2 hungry ghosts
  Menkaure (D:5)
  Duvessa (D:5)
  2 black bears (D:6)
  An orc warrior (D:7)
  A slave (D:4)
  4 sky beasts
  A phantom (D:7)
  6 centaurs
  7 ogres
  A big kobold (D:9)
  An elf zombie (Ossuary)
  Blork the orc (D:4)
  3 bullfrogs
  Dowan (D:5)
  3 scorpions
  3 wights (D:7)
  16 killer bees
  2 howler monkeys (D:7)
  3 crimson imps
  A bullfrog zombie (D:10)
  4 centaur zombies (Ossuary)
  2 bullfrog skeletons
  6 hounds
  2 jellies
  6 orc priests
  A centaur skeleton (D:9)
  4 orc wizards
  A human zombie (Ossuary)
  Jessica (D:3)
  3 iguanas
  Natasha (thrice) (D:3)
  6 worker ants
  3 hound zombies
  3 mummies (Ossuary)
  7 gnolls
  7 adders
  A worker ant zombie (D:5)
  A shadow imp (D:10)
  An adder skeleton (D:7)
  3 dart slugs (D:1)
  12 leopard geckos
  18 orcs
  A ball python (D:3)
  6 bats
  2 giant cockroaches
  2 gnoll zombies (Ossuary)
  2 goblins
  11 hobgoblins
  14 jackals
  4 quokkas
  6 frilled lizards
  3 goblin zombies (Ossuary)
  5 hobgoblin zombies (Ossuary)
  3 jackal zombies (Ossuary)
  7 kobolds
  6 kobold zombies (Ossuary)
  A leopard gecko skeleton (D:7)
  An orc zombie (Ossuary)
  A quokka skeleton (D:6)
  8 quokka zombies
  7 rats
253 creatures vanquished.

Vanquished Creatures (others)
  2 plants (D:8)
2 creatures vanquished.

Grand Total: 255 creatures vanquished

Notes
Turn   | Place    | Note
-------+----------+-------------------------------------------
     0 | D:1      | Milesaru the Troll Monk began the quest for the Orb.
     0 | D:1      | Reached XP level 1. HP: 22/22 MP: 0/0
   159 | D:1      | Reached XP level 2. HP: 29/29 MP: 1/1
   211 | D:1      | Found a shattered altar of Ashenzari.
   692 | D:2      | Reached XP level 3. HP: 36/36 MP: 2/2
   729 | D:2      | Noticed Sigmund
   768 | D:2      | Killed Sigmund
   768 | D:2      | Reached skill level 4 in Unarmed Combat
   768 | D:2      | Reached XP level 4. HP: 5/45 MP: 3/3
   768 | D:2      | Reached XP level 5. HP: 6/53 MP: 4/4
   835 | D:2      | Reached skill level 5 in Unarmed Combat
   956 | D:2      | Reached XP level 6. HP: 60/61 MP: 5/5
  1021 | D:2      | Found a blossoming altar of Fedhas.
  1331 | D:3      | Found a faded altar of an unknown god.
  1426 | D:3      | Noticed Natasha
  1438 | D:3      | Killed Natasha
  1596 | D:3      | Noticed Jessica
  1599 | D:3      | Killed Jessica
  1654 | D:3      | Noticed Natasha
  1659 | D:3      | Killed Natasha
  1841 | D:3      | Noticed Natasha
  1848 | D:3      | Killed Natasha
  1878 | D:4      | Reached skill level 6 in Unarmed Combat
  1966 | D:4      | Noticed Grinder
  1993 | D:4      | Killed Grinder
  1993 | D:4      | Reached XP level 7. HP: 61/70 MP: 6/6
  2144 | D:4      | Found a sparkling altar of Nemelex Xobeh.
  2200 | D:4      | Noticed Blork the orc
  2208 | D:4      | Killed Blork the orc
  2208 | D:4      | Reached skill level 7 in Unarmed Combat
  2302 | D:4      | Found a bloodstained altar of Trog.
  2472 | D:4      | Noticed Pikel
  2499 | D:4      | Killed Pikel
  2499 | D:4      | Reached skill level 5 in Dodging
  2499 | D:4      | Reached skill level 8 in Unarmed Combat
  2499 | D:4      | Reached XP level 8. HP: 25/79 MP: 7/7
  2825 | D:5      | Entered Level 5 of the Dungeon
  2846 | D:5      | Noticed Dowan
  2849 | D:5      | Noticed Duvessa
  2855 | D:5      | Killed Dowan
  2874 | D:5      | Killed Duvessa
  2874 | D:5      | Reached skill level 5 in Fighting
  2912 | D:5      | Noticed Menkaure
  2914 | D:5      | Killed Menkaure
  3156 | D:5      | Found a staircase to the Ecumenical Temple.
  3171 | Temple   | Entered the Ecumenical Temple
  3301 | D:5      | Reached XP level 9. HP: 79/88 MP: 8/8
  3370 | D:6      | Found an opulent altar of Gozag.
  3375 | D:6      | Reached skill level 9 in Unarmed Combat
  3408 | D:6      | Noticed Arnot's ghost (novice MiFi)
  3433 | D:6      | Killed Arnot's ghost
  3487 | D:6      | Found a shadowy altar of Dithmenos.
  3555 | D:6      | Found an iron altar of Okawaru.
  3578 | D:6      | Became a worshipper of Warmaster Okawaru
  3578 | D:6      | Reached * piety under Okawaru
  3578 | D:6      | Reached ** piety under Okawaru
  3602 | D:6      | Found a hide-covered altar of Uskayaw.
  3751 | D:6      | Found a sacrificial altar of Ru.
  3841 | D:6      | Found a stormy altar of Qazlal.
  3873 | D:6      | Found a white marble altar of Elyvilon.
  3991 | D:7      | Reached skill level 10 in Unarmed Combat
  4373 | D:7      | Found a faded altar of an unknown god.
  4373 | D:7      | Found a faded altar of an unknown god.
  4382 | D:7      | Found a faded altar of an unknown god.
  4384 | D:7      | Found a faded altar of an unknown god.
  4387 | D:7      | Found a glowing golden altar of the Shining One.
  4510 | D:7      | Reached *** piety under Okawaru
  4518 | D:7      | Reached XP level 10. HP: 59/100 MP: 9/9
  4690 | D:7      | Identified the Disquisition on Creative Shape Shifting
  4699 | D:7      | Learned a level 6 spell: Statue Form
  4935 | D:8      | Found a sand-covered staircase.
  4940 | Ossuary  | Entered an ossuary
  4994 | Ossuary  | Reached skill level 11 in Unarmed Combat
  5722 | D:8      | Found a staircase to the Lair.
  5940 | D:9      | Found a sparkling altar of Nemelex Xobeh.
  6087 | D:9      | Reached **** piety under Okawaru
  6504 | D:9      | Found a white marble altar of Elyvilon.
  6583 | D:10     | Entered Level 10 of the Dungeon
  6608 | D:10     | Killed an unseen horror
  6608 | D:10     | Reached skill level 12 in Unarmed Combat
  6981 | D:10     | Noticed Arnot's ghost (journeyman MiFi)
  7016 | D:10     | Slain by Arnot's ghost

Skill      XL: |  1  2  3  4  5  6  7  8  9 10 |
---------------+-------------------------------+-----
Fighting       | 3 4 5 6 7 |  7.4
Dodging        | 3 4 5 6 7 |  7.6
Unarmed Combat | 4 5 6 8 10 12 | 12.1
Stealth        | |  1.0

Action                   |  1- 3 |  4- 6 |  7- 9 | 10-12 || total
-------------------------+-------+-------+-------+-------++-------
Melee: Unarmed           |    78 |   151 |   272 |   316 ||   817
       Punch             |     1 |     2 |    10 |    18 ||    31
Throw: Javelin           |       |     1 |     2 |     2 ||     5
Invok: Heroism           |       |       |       |     3 ||     3
  Use: Scroll            |       |       |     5 |     4 ||     9
       Potion            |       |       |     1 |     5 ||     6
 Stab: Sleeping          |     2 |     1 |     4 |     4 ||    11
       Distracted        |       |       |       |     1 ||     1
  Eat: Chunk             |     6 |    17 |    24 |    21 ||    68
Armor: Robe              |    26 |    42 |    69 |    77 ||   214
Dodge: Dodged            |    40 |    75 |   148 |   234 ||   497
